 Dungeon Crawl Stone Soup version 0.30.0-5-g1a98f26d00 (webtiles) character file.

Game seed: 17592908679769131886

74 BigDaddyOpFi the Digger (level 4, 0/33 HPs)
             Began as a Meteoran Earth Elementalist on May 12, 2023.
             Was an Initiate of Vehumet.
             Slain by Grinder (5 damage)
             ... on level 3 of the Dungeon.
             The game lasted 00:01:43 (1088 turns).

BigDaddyOpFi the Digger (MeEE)                      Turns: 1088, Time: 00:01:44

Health: 0/33       AC:  2    Str: 11    XL:     4   Next: 82%
Magic:  9/9        EV: 13    Int: 17    God:    Vehumet [......]
Gold:   155        SH:  0    Dex: 14    Spells: 5/9 levels left

rFire   + . .        d - +0 long sword
rCold   x . .        (no shield)
rNeg    . . .        a - +0 robe
rPois   .            (no helmet)
rElec   .            (no cloak)
rCorr   .            (no gloves)
SInv    .            (no boots)
Will    .....        (no amulet)
Stlth   +            g - ring of fire
HPRegen 0.25/turn    (no ring)
MPRegen 0.11/turn

%: no passive effects
@: glowing
A: sense surroundings 1, otherworldly, glowing, explore regen
a: Renounce Religion


You were on level 3 of the Dungeon.
You worshipped Vehumet.
Vehumet was noncommittal.
You visited 1 branch of the dungeon, and saw 3 of its levels.

You collected 155 gold pieces.

Inventory:

Hand Weapons
 d - a +0 long sword (weapon)
Armour
 a - a +0 robe (worn)
Jewellery
 g - a ring of fire (left hand)
 m - a ring of see invisible
Wands
 p - a wand of iceblast (7)
Scrolls
 c - a scroll of enchant armour {unknown}
 h - 2 scrolls of teleportation {unknown}
 l - a scroll of identify {unknown}
 n - a scroll of amnesia {unknown}
 o - a scroll of magic mapping {unknown}
Potions
 b - a potion of magic
 e - a potion of invisibility {unknown}
 f - a potion of cancellation {unknown}
 i - a potion of might {unknown}
 j - a potion of heal wounds {unknown}
 k - a potion of curing {unknown}


   Skills:
 + Level 3.2 Dodging
 + Level 1.9 Stealth
 + Level 3.3 Spellcasting
 * Level 1.7 Conjurations
 - Level 1.8 Transmutations
 + Level 4.1 Earth Magic


You had 5 spell levels left.
You knew the following spells:

 Your Spells              Type           Power      Damage    Failure   Level
a - Sandblast             Erth           32%        2d9       3%          1
b - Stone Arrow           Conj/Erth      24%        3d8       16%         3

Your spell library contained the following spells:

 Spells                   Type           Power      Damage    Failure   Level
 Passwall                 Tmut/Erth      10%        N/A       8%          2
 Petrify                  Tmut/Erth      12%        N/A       45%         4
 Animate Armour           Summ/Erth      18%        N/A       58%         4
 Blade Hands              Tmut           4%         N/A       92%         5
 Iron Shot                Conj/Erth      6%         9d2       100%        6


Dungeon Overview and Level Annotations

Branches:
Dungeon (3/15) Zot: 672

Altars:
Vehumet

Annotations:
D:3 Grinder


Innate Abilities, Weirdness & Mutations

You passively map a small area around you.
You are easily found by Zot.
You glow in the dark.
You regain HP and MP as you explore.


Message History

Key pressed, stopping explore.
No target in view!
No target in view!
p - a wand of iceblast (7) No target in view!
You open the door.
There is an open door here.
A rat and a giant cockroach come into view.
The rat moves out of view.
There are monsters nearby!
You hit the giant cockroach.
The giant cockroach is moderately wounded.
The giant cockroach closely misses you.
The blast of sand hits the giant cockroach!
You kill the giant cockroach!
Vehumet accepts your kill.
You can't see any susceptible monsters within range! (Use Z to cast anyway.)
You can't see any susceptible monsters within range! (Use Z to cast anyway.) No target in view!
You barely miss the rat. The rat bites you. The rat barely misses you.
A rat is nearby!
You hit the rat.
You kill the rat!
Vehumet accepts your kill.
Grinder comes into view.
Grinder shouts!
You hear a shout!
An orc comes into view. It is wielding a +0 flail.
Grinder blinks!
Grinder closely misses you.
There are monsters nearby!
You closely miss Grinder. Grinder closely misses you. Grinder hits you!
You writhe in agony.
You barely miss Grinder. The orc hits you with a +0 flail. Grinder hits you.
You writhe in agony.
* * * LOW HITPOINT WARNING * * *
You are too injured to fight recklessly!
You are too injured to fight recklessly!
Unknown command.
Grinder attacks as you move away! Grinder hits you.
You die...

##.##.## * * * .#....
. ..... * , #. .
##..... * * .##.#
...##.#* # ....#,
...##.# #. ..#.#,#
...##.# #..###.#.#.#
.####'## #...5o.....#
.###...## #....@...#
.##.....## ######.###
.........## ##.#.#
#.........####....##
+.........'........#*
#.........####......#
##.......## #.......#
##.....## #.......#
##...## #.......#


You could see Grinder and an orc.

Vanquished Creatures
  An adder (D:3)
  4 dart slugs
  An orc (D:3)
  12 bats
  4 endoplasms
  2 giant cockroaches
  5 hobgoblins
  3 kobolds
  2 quokkas
  3 ball pythons
  3 frilled lizards
  5 goblins
  5 rats
50 creatures vanquished.

Notes
Turn   | Place    | Note
-------+----------+-------------------------------------------
     0 | D:1      | BigDaddyOpFi the Meteoran Earth Elementalist began the
                  | quest for the Orb.
     0 | D:1      | Reached XP level 1. HP: 14/14 MP: 5/5
    99 | D:1      | Reached XP level 2. HP: 20/20 MP: 4/6
   237 | D:1      | Reached XP level 3. HP: 22/26 MP: 0/8
   299 | D:1      | Learned a level 3 spell: Stone Arrow
   477 | D:1      | Reached skill level 4 in Earth Magic
   479 | D:1      | Glimpsed the power of Zot.
   596 | D:2      | Found a radiant altar of Vehumet.
   618 | D:2      | Reached skill level 1 in Conjurations
   618 | D:2      | Reached XP level 4. HP: 28/33 MP: 9/9
   625 | D:2      | Became a worshipper of Vehumet
  1084 | D:3      | Noticed Grinder
  1088 | D:3      | Slain by Grinder

Illustrated notes

Levels and vault maps discovered:
D:1:      heliophobic_arrival_ceremonial_halls, layout_rooms,
          minmay_tetromino_l4
D:2:      layout_basic, basic_altar, minmay_unequal
D:3:      layout_loops_corners, dreamdust_ecumenical_altar_angels_and_demons,
          uniq_grinder

Skill      XL: |  1  2  3 |
---------------+----------+-----
Spellcasting   | 3 |  3.3
Earth Magic    | 4 |  4.1
Dodging        | 3 |  3.2
Conjurations   | 1 |  1.7
Stealth        | |  1.9
Transmutations | |  1.8

Action                     |  1- 3 |  4- 6 || total
---------------------------+-------+-------++-------
  Melee: Long sword        |    14 |     6 ||    20
   Cast: Sandblast         |    43 |    23 ||    66
 Armour: Robe              |    20 |     3 ||    23
  Dodge: Dodged            |    19 |    11 ||    30
